 Dungeon Crawl Stone Soup version 0.17-a0-896-g249456b (webtiles) character file.

65 FedoraBrony69 the Conjurer (level 3, 0/19 HPs)
             Began as a Deep Elf Conjurer on May 1, 2015.
             Slain by Robin
             ... wielding a +0 club
              (1 damage)
             ... on level 2 of the Dungeon.
             The game lasted 00:02:01 (1283 turns).

FedoraBrony69 the Conjurer (Deep Elf Conjurer)      Turns: 1283, Time: 00:02:01

Health: 0/19       AC:  2    Str:  5    XL:     3   Next: 94%
Magic:  0/11       EV: 13    Int: 20    God:
Gold:   157        SH:  0    Dex: 15    Spells: 1 memorised, 10 levels left

rFire  . . .     SeeInvis .     l - -1 club (curse)
rCold  . . .     Clarity  .     a - +0 robe
rNeg   . . .     SustAb   .     (no shield)
rPois  .         Gourm    .     (no helmet)
rElec  .         Spirit   .     (no cloak)
rCorr  .         Warding  .     (no gloves)
rMut   .         Stasis   .     (no boots)
MR     .....                    (no amulet)
Stlth  ++........               (no ring)
                                (no ring)

@: not resistant to hostile enchantments, unstealthy
A: no striking features
a: no special abilities


You were on level 2 of the Dungeon.
You were hungry.

You visited 1 branch of the dungeon, and saw 2 of its levels.

You collected 157 gold pieces.

Inventory:

Hand weapons
 l - a cursed -1 club (weapon)
Armour
 a - a +0 robe (worn)
Scrolls
 d - 3 scrolls of remove curse {unknown}
 f - a scroll of amnesia {unknown}
 h - a scroll of noise {unknown}
 k - a scroll of identify {unknown}
 n - a scroll of random uselessness {unknown}
Potions
 e - 4 potions of cure mutation {unknown}
 g - a potion of curing {unknown}
 i - 2 potions of lignification {unknown}
 m - 2 potions of agility {unknown}
 p - a potion of poison {unknown}
Books
 b - a book of Conjurations

   Spells                             Type                      Level
   a - Magic Dart                     Conjuration                  1
   b - Searing Ray                    Conjuration                  2
   c - Dazzling Spray                 Conjuration/Hexes            3
   d - Fulminant Prism                Conjuration/Hexes            4
   e - Iskenderun's Mystic Blast      Conjuration                  4
   f - Iskenderun's Battlesphere      Conjuration/Charms           5
Comestibles
 c - 2 bread rations
 j - a chunk of flesh
 o - a meat ration


   Skills:
 - Level 2.4 Dodging
 - Level 2.4 Stealth
 + Level 4.7 Spellcasting
 + Level 5.2 Conjurations


You had 10 spell levels left.
You knew the following spells:

 Your Spells              Type           Power        Failure   Level  Hunger
a - Magic Dart            Conj           ####         1%          1    None


Dungeon Overview and Level Annotations

Branches:
Dungeon (2/15)

Altars:
Ashenzari

Annotations:
D:2 Robin


Message History

Robin throws the goblin at you! The goblin barely misses you.
Unknown command.
Casting: Magic Dart
Confirm with . or Enter, or press ? or * to list all spells.
Aiming: Magic Dart
Press: ? - help, Shift-Dir - straight line, f/p - Robin
Aim: Robin, wielding a club, wearing an animal skin and wearing a helmet (heavily wounded)
The magic dart hits Robin.
Robin is severely wounded.
The goblin closely misses you. x2
Robin barely misses you. The goblin completely misses you.
Casting: Magic Dart
Confirm with . or Enter, or press ? or * to list all spells.
You don't have enough magic to cast that spell.
Unknown command.
You hit Robin but do no damage.
Robin is severely wounded.
The goblin closely misses you. The goblin misses you.
The goblin closely misses you. Robin hits you with a club.
You die...

##..#### ######.
##....### #.
####...##############.
###............##..
###########......
#.##... # ######
###.##...
###..##.g..#####.).##...
#.†)).g@g........#......
#)####..g..#####...#..#.
#.###.# ##.#...##.
#.....####......##. ##
#...........###.
####...#.###......
#.....##.# ##.##..
#.##.....# ##.....
#######.##...### #..####


You could see Robin and 3 goblins.

Vanquished Creatures
  Ijyb (D:2)
  An adder (D:2)
  A worm (D:2)
  A giant gecko (D:1)
  5 bats
  6 goblins
  5 hobgoblins
  A quokka (D:2)
  A giant newt (D:1)
  4 rats
26 creatures vanquished.

Notes
Turn   | Place    | Note
--------------------------------------------------------------
     0 | D:1      | FedoraBrony69, the Deep Elf Conjurer, began the quest for the Orb.
     0 | D:1      | Reached XP level 1. HP: 10/10 MP: 6/6
    42 | D:1      | Found a shattered altar of Ashenzari.
   409 | D:1      | Reached XP level 2. HP: 15/15 MP: 5/8
   552 | D:2      | Noticed Ijyb
   560 | D:2      | Killed Ijyb
   560 | D:2      | Reached skill level 5 in Conjurations
   560 | D:2      | Reached XP level 3. HP: 16/19 MP: 0/10
  1271 | D:2      | Noticed Robin
  1283 | D:2      | Slain by Robin

Action                   || total
-------------------------++-------
Melee: Club              ||     9
       Unarmed           ||     1
 Cast: Magic Dart        ||    64
